Bruins vs Whalers

Created - 30 mars 2022 at 15:19

Goals
1 2 3 T
Bruins 0 1 2 3
Whalers 1 0 0 1
Shots
1 2 3 T
Bruins 21 11 17 49
Whalers 8 10 14 32

1st period

1. Whalers , David Perron 27 (Joe Pavelski 50, Christian Dvorak 32) at 19:18

Penalties :
David Savard (HAR) for Hooking (Minor) at 8:07

2nd period

2. Bruins , Nico Hischier 19 (Alex Barre-Boulet 14, Brent Burns 26) at 10:18

Penalties :
Nikita Zadorov (HAR) for Diving (Minor) at 1:24, Seth Jones (BOS) for Hooking (Minor) at 12:42

3rd period

3. Bruins , Paul Stastny 27 (Jakob Chychrun 21, Anthony Mantha 18) at 9:57 (PP)
4. Bruins , Dustin Brown 25 (Anthony Beauvillier 18, Jacob Larsson 10) at 10:11

Penalties :
Jakob Chychrun (BOS) for Roughing (Minor) at 7:23, Justin Faulk (HAR) for Tripping (Minor) at 9:52

Goalie Stats

Juuse Saros (BOS), 31 saves from 32 shots - (0,969), W, 28-15-7, 60:00 minutes
Jacob Markstrom (HAR), 46 saves from 49 shots - (0,939), L, 33-14-4, 60:00 minutes

Players Stats for Bruins

Player Name              G  A  P  +/- PIM S  H  SB GA TA FO     MP     PP MP  PK MP  
------------------------------------------------------------------------------------
Alex Barre-Boulet        0  1  1   1  0   1  2  0  0  0  1/1    14:35   0:00   1:21 
Andy Greene              0  0  0   0  0   1  1  1  0  1  0/0    19:32   0:00   1:38 
Anthony Beauvillier      0  1  1   1  0   1  3  0  0  0  0/1    15:14   0:00   0:22 
Anthony Mantha           0  1  1   0  0   3  2  0  0  0  0/1    18:17   2:02   0:00 
Brady Tkachuk            0  0  0   0  0   3  2  1  2  0  0/1    18:15   2:01   0:00 
Brent Burns              0  1  1   0  0   3  1  0  0  1  0/0    20:44   1:42   2:20 
Dustin Brown             1  0  1   1  0   4  1  0  0  0  1/1    16:24   2:01   0:00 
Dylan Gambrell           0  0  0  -1  0   1  2  0  0  0  0/0     8:47   0:00   1:21 
Eric Staal               0  0  0   1  0   0  0  1  0  0  0/0    12:55   0:00   0:00 
Jacob Larsson            0  1  1   1  0   2  1  3  0  0  0/0    18:43   0:00   1:38 
Jakob Chychrun           0  1  1   0  2   1  0  0  0  0  0/0    21:02   2:21   0:00 
Joel Edmundson           0  0  0   0  0   3  0  2  0  0  0/0    20:44   1:42   2:20 
Luke Glendening          0  0  0  -1  0   1  0  1  0  0  5/7    10:22   0:00   2:15 
Max Comtois              0  0  0  -1  0   1  1  0  0  0  0/0     9:11   2:02   0:00 
Nico Hischier            1  0  1   1  0   9  1  1  0  0  10/22  16:10   0:00   2:15 
Paul Stastny             1  0  1   1  0   4  0  0  0  0  13/21  16:26   2:02   0:00 
Sean Monahan             0  0  0   0  0   7  0  0  1  0  10/15  18:37   2:01   0:22 
Seth Jones               0  0  0   1  2   4  1  3  1  0  0/0    20:02   2:21   0:00 

Players Stats for Whalers

Player Name              G  A  P  +/- PIM S  H  SB GA TA FO     MP     PP MP  PK MP  
------------------------------------------------------------------------------------
Bryan Rust               0  0  0  -1  0   4  3  0  0  0  0/0    16:07   2:04   0:00 
Christian Dvorak         0  1  1   1  0   1  0  1  0  0  9/15   19:24   2:04   0:14 
David Perron             1  0  1   1  0   5  0  2  0  0  1/2    18:41   1:53   0:00 
David Savard             0  0  0   1  2   0  0  0  0  1  0/0    17:46   0:00   0:43 
Drake Batherson          0  0  0  -1  0   1  4  0  0  0  7/23   15:12   0:01   0:00 
Joe Pavelski             0  1  1   1  0   3  1  0  1  1  4/4    18:41   1:53   0:00 
Justin Faulk             0  0  0  -1  2   1  1  0  0  0  0/0    22:30   2:00   2:22 
Nikita Zadorov           0  0  0  -1  2   0  5  0  0  0  0/0    19:07   0:00   0:49 
Reilly Smith             0  0  0  -1  0   0  0  0  0  0  0/4    17:39   0:01   2:27 
Riley Nash               0  0  0   0  0   1  0  0  0  0  1/4     7:58   0:00   2:21 
Roman Josi               0  0  0  -1  0   2  2  0  0  0  0/0    18:56   2:00   0:00 
Scott Mayfield           0  0  0  -1  0   3  2  1  0  1  0/0    21:32   1:58   2:28 
Sean Couturier           0  0  0  -1  0   6  1  0  0  0  7/16   18:00   2:04   1:33 
Sean Walker              0  0  0   1  0   1  0  3  0  0  0/0    20:26   1:58   1:44 
Shane Pinto              0  0  0   0  0   0  1  0  0  0  0/1     5:37   0:00   0:00 
Timo Meier               0  0  0  -1  0   0  1  1  0  0  1/1    14:22   0:01   0:00 
Tobias Rieder            0  0  0   0  0   1  0  0  0  1  0/0     7:10   0:00   1:31 
Vladimir Tarasenko       0  0  0  -1  0   3  1  1  1  0  0/0    16:46   1:53   0:00 

3 Stars

1 - Juuse Saros (BOS)
2 - Jacob Markstrom (HAR)
3 - Nico Hischier (BOS)

Power Play

Bruins - 1 on 3 Attempt(s) - 33,33%
Whalers - 0 on 2 Attempt(s) - 0,00%

Penalty Kill

Bruins - 2 on 2 Attempt(s) - 100,00% - Score 0 goal in Penalty Kill
Whalers - 2 on 3 Attempt(s) - 66,67% - Score 0 goal in Penalty Kill

Team Stat

Bruins - Hits : 18 - Faceoff Wins : 40 - Blocked Shots : 13 - Penalty Minutes : 4
Whalers - Hits : 22 - Faceoff Wins : 30 - Blocked Shots : 9 - Penalty Minutes : 6

Official

Referees : Chris Lee and Ryan Hersey
Linesman : Bevan Mills and Jim Harper

Game Notes

No Game Note

Finance

Level 1 -- Attendance: 3689 (61,48%) -- Ticket Income 553 350 $
Level 2 -- Attendance: 2118 (42,36%) -- Ticket Income 264 750 $
Level 3 -- Attendance: 800 (40,00%) -- Ticket Income 96 000 $
Level 4 -- Attendance: 1600 (40,00%) -- Ticket Income 128 000 $
Luxury Box -- Attendance: 400 (40,00%) -- Ticket Income 200 000 $
Game was played at the The Pound.
Total Attendance: 8607 (47,82%)
Total Ticket Income: 1 242 100 $
Other Income: 608 629 $
Total Income: 1 850 729 $

Bruins

5 vs 5 Forward 
   Center                   Left Wing                Right Wing               Time % Phy DF OF 
 1 Sean Monahan             Brady Tkachuk            Anthony Mantha           30     0   2  3  
 2 Paul Stastny             Anthony Beauvillier      Dustin Brown             30     0   2  3  
 3 Nico Hischier            Eric Staal               Alex Barre-Boulet        26     0   2  3  
 4 Luke Glendening          Max Comtois              Dylan Gambrell           14     0   3  2  

5 vs 5 Defense 
   Defense                  Defense                                           Time % Phy DF OF 
 1 Joel Edmundson           Brent Burns                                       34     0   2  3  
 2 Jacob Larsson            Seth Jones                                        33     0   2  3  
 3 Jakob Chychrun           Andy Greene                                       33     0   5  0  
 4 Brent Burns              Joel Edmundson                                    0      1   2  2  

PowerPlay Forward 
   Center                   Left Wing                Right Wing               Time % Phy DF OF 
 1 Sean Monahan             Brady Tkachuk            Dustin Brown             50     0   1  4  
 2 Paul Stastny             Max Comtois              Anthony Mantha           50     0   0  5  

PowerPlay Defense
   Defense                  Defense                                           Time % Phy DF OF 
 1 Jakob Chychrun           Seth Jones                                        50     0   2  3  
 2 Joel Edmundson           Brent Burns                                       50     0   1  4  

Penalty Kill 4 Players Forward 
   Center                   Wing                     Time % Phy DF OF 
 1 Luke Glendening          Nico Hischier            55     0   4  1  
 2 Dylan Gambrell           Alex Barre-Boulet        45     0   4  1  

Penalty Kill 4 Players Defense
   Defense                  Defense                  Time % Phy DF OF 
 1 Brent Burns              Joel Edmundson           50     0   4  1  
 2 Jacob Larsson            Andy Greene              50     0   4  1  

Penalty Kill - 3 Players Forward 
   Forward                                           Time % Phy DF OF 
 1 Luke Glendening                                   60     0   5  0  
 2 Dylan Gambrell                                    40     0   5  0  

Penalty Kill - 3 Players Defense
   Defense                  Defense                  Time % Phy DF OF 
 1 Brent Burns              Joel Edmundson           60     0   5  0  
 2 Jacob Larsson            Andy Greene              40     0   5  0  

4 vs 4 Forward 
   Center                   Wing                     Time % Phy DF OF 
 1 Paul Stastny             Brady Tkachuk            50     0   1  4  
 2 Sean Monahan             Anthony Beauvillier      50     0   2  3  

4 vs 4 Defense
   Defense                  Defense                  Time % Phy DF OF 
 1 Jakob Chychrun           Brent Burns              50     0   2  2  
 2 Joel Edmundson           Seth Jones               50     1   2  2  

Last Minutes Offensive
   Center                   Left Wing                Right Wing               Defense                  Defense                  
   Sean Monahan             Brady Tkachuk            Dustin Brown             Brent Burns              Seth Jones               

Last Minutes Defensive
   Center                   Left Wing                Right Wing               Defense                  Defense                  
   Sean Monahan             Luke Glendening          Dylan Gambrell           Brent Burns              Seth Jones               

Goaltenders
Starting : Juuse Saros              
Backup : Petr Mrazek              

Extra Forwards
Normal : Nico Hischier, Anthony Beauvillier, Luke Glendening - PP : Nico Hischier, Anthony Beauvillier - PK : Luke Glendening
Extra Defensemen
Normal : Andy Greene, Jacob Larsson, Jakob Chychrun - PP : Jacob Larsson - PK : Seth Jones, Jakob Chychrun
Penalty Shots
Sean Monahan, Anthony Mantha, Andy Greene, Brady Tkachuk, Nico Hischier
Custom OT Lines Forwards
Brent Burns, Anthony Beauvillier, Brady Tkachuk, Dustin Brown, Sean Monahan, Paul Stastny, Nico Hischier, Anthony Mantha, Max Comtois, Luke Glendening
Custom OT Lines Defensemen
Brent Burns, Joel Edmundson, Jakob Chychrun, Andy Greene, Jacob Larsson

Scratches
Claude Giroux (Left Forearm Injury), Dmitry Kulikov (Left Foot Injury), Taylor Raddysh (Healthy), Matt Tennyson (Healthy)

Whalers

5 vs 5 Forward 
   Center                   Left Wing                Right Wing               Time % Phy DF OF 
 1 Christian Dvorak         Joe Pavelski             David Perron             33     0   2  3  
 2 Sean Couturier           Bryan Rust               Timo Meier               31     0   2  3  
 3 Drake Batherson          Reilly Smith             Vladimir Tarasenko       31     0   2  3  
 4 Shane Pinto              Tobias Rieder            Riley Nash               5      0   2  3  

5 vs 5 Defense 
   Defense                  Defense                                           Time % Phy DF OF 
 1 Justin Faulk             Nikita Zadorov                                    34     0   3  2  
 2 Roman Josi               Scott Mayfield                                    33     0   3  2  
 3 David Savard             Sean Walker                                       33     0   3  2  
 4 Justin Faulk             Nikita Zadorov                                    0      0   3  2  

PowerPlay Forward 
   Center                   Left Wing                Right Wing               Time % Phy DF OF 
 1 Joe Pavelski             David Perron             Vladimir Tarasenko       50     0   0  5  
 2 Sean Couturier           Christian Dvorak         Bryan Rust               50     0   0  5  

PowerPlay Defense
   Defense                  Defense                                           Time % Phy DF OF 
 1 Justin Faulk             Roman Josi                                        50     0   0  5  
 2 Scott Mayfield           Sean Walker                                       50     0   0  5  

Penalty Kill 4 Players Forward 
   Center                   Wing                     Time % Phy DF OF 
 1 Riley Nash               Reilly Smith             55     0   5  0  
 2 Sean Couturier           Tobias Rieder            45     0   5  0  

Penalty Kill 4 Players Defense
   Defense                  Defense                  Time % Phy DF OF 
 1 Justin Faulk             David Savard             50     0   5  0  
 2 Nikita Zadorov           Scott Mayfield           50     0   5  0  

Penalty Kill - 3 Players Forward 
   Forward                                           Time % Phy DF OF 
 1 Riley Nash                                        50     0   5  0  
 2 Christian Dvorak                                  50     0   5  0  

Penalty Kill - 3 Players Defense
   Defense                  Defense                  Time % Phy DF OF 
 1 Justin Faulk             David Savard             50     0   5  0  
 2 Nikita Zadorov           Scott Mayfield           50     0   5  0  

4 vs 4 Forward 
   Center                   Wing                     Time % Phy DF OF 
 1 Joe Pavelski             Reilly Smith             60     0   2  3  
 2 Sean Couturier           Vladimir Tarasenko       40     0   2  3  

4 vs 4 Defense
   Defense                  Defense                  Time % Phy DF OF 
 1 Justin Faulk             Nikita Zadorov           50     0   3  2  
 2 Roman Josi               David Savard             50     0   3  2  

Last Minutes Offensive
   Center                   Left Wing                Right Wing               Defense                  Defense                  
   Joe Pavelski             David Perron             Vladimir Tarasenko       Justin Faulk             Roman Josi               

Last Minutes Defensive
   Center                   Left Wing                Right Wing               Defense                  Defense                  
   Christian Dvorak         Tobias Rieder            Riley Nash               Scott Mayfield           David Savard             

Goaltenders
Starting : Jacob Markstrom          
Backup : Laurent Brossoit         

Extra Forwards
Normal : Joe Pavelski, David Perron, Sean Couturier - PP : Vladimir Tarasenko, Drake Batherson - PK : Sean Couturier
Extra Defensemen
Normal : Justin Faulk, Scott Mayfield, Sean Walker - PP : Nikita Zadorov - PK : Scott Mayfield, Justin Faulk
Penalty Shots
Joe Pavelski, Sean Couturier, Drake Batherson, Bryan Rust, David Perron
Custom OT Lines Forwards
Joe Pavelski, Sean Couturier, David Perron, Bryan Rust, Christian Dvorak, Drake Batherson, Timo Meier, Vladimir Tarasenko, Reilly Smith, Riley Nash
Custom OT Lines Defensemen
Justin Faulk, Nikita Zadorov, Roman Josi, David Savard, Scott Mayfield

Scratches
None


% Time on Ice - Bruins

Lines # - Real PCT - Wanted PCT - Time Play
Normal Forward
1 - 33% - 30% - 17:14
2 - 28% - 30% - 14:43
3 - 25% - 26% - 12:55
4 - 14% - 14% - 7:07
Normal Defense
1 - 34% - 34% - 17:30
2 - 33% - 33% - 17:10
3 - 33% - 33% - 17:19
4 - 0% - 0% - 0:00
PP Forward
1 - 50% - 50% - 2:01
2 - 50% - 50% - 2:02
PP Defense
1 - 58% - 50% - 2:21
2 - 42% - 50% - 1:42
PK Forward
1 - 66% - 55% - 2:37
2 - 34% - 45% - 1:21
PK Defense
1 - 59% - 50% - 2:20
2 - 41% - 50% - 1:38
PK3 Forward
1 - 0% - 60%
2 - 0% - 40%
PK3 Defense
1 - 0% - 60%
2 - 0% - 40%
44 Forward
1 - 0% - 50%
2 - 0% - 50%
44 Defense
1 - 0% - 50%
2 - 0% - 50%
Last Minute Offensive  - 0:00
Last Minute Defensive  - 0:00
Total
Forward - 60:00
Defense - 60:00

% Time on Ice - Whalers

Lines # - Real PCT - Wanted PCT - Time Play
Normal Forward
1 - 33% - 33% - 17:06
2 - 28% - 31% - 14:23
3 - 29% - 31% - 14:53
4 - 11% - 5% - 5:37
Normal Defense
1 - 34% - 34% - 17:33
2 - 33% - 33% - 17:06
3 - 32% - 33% - 16:44
4 - 1% - 0% - 0:36
PP Forward
1 - 47% - 50% - 1:53
2 - 53% - 50% - 2:05
PP Defense
1 - 50% - 50% - 2:00
2 - 50% - 50% - 1:58
PK Forward
1 - 63% - 55% - 2:32
2 - 37% - 45% - 1:31
PK Defense
1 - 47% - 50% - 1:53
2 - 53% - 50% - 2:10
PK3 Forward
1 - 0% - 50%
2 - 0% - 50%
PK3 Defense
1 - 0% - 50%
2 - 0% - 50%
44 Forward
1 - 0% - 60%
2 - 0% - 40%
44 Defense
1 - 0% - 50%
2 - 0% - 50%
Last Minute Offensive  - 0:00
Last Minute Defensive  - 0:00
Total
Forward - 60:00
Defense - 60:00

Play-by-Play

1st period


0:01 of 1st period - Christian Dvorak wins face-off versus Sean Monahan in neutral zone.
0:30 of 1st period - Nikita Zadorov is hit by Dustin Brown and loses puck.
1:54 of 1st period - Wrist shot by Sean Couturier.
1:54 of 1st period - Shot Misses the Net.
2:02 of 1st period - Snap shot by Sean Couturier.
2:02 of 1st period - Stopped by Juuse Saros without a rebound.
2:03 of 1st period - Nico Hischier wins face-off versus Drake Batherson in Bruins zone.
2:03 of 1st period - Nico Hischier is hit by Drake Batherson.
2:14 of 1st period - Snap shot by Nico Hischier.
2:14 of 1st period - Stopped by Jacob Markstrom with a rebound.
3:35 of 1st period - Slapshot by Alex Barre-Boulet.
3:35 of 1st period - Shot Misses the Net.
3:41 of 1st period - Nico Hischier is hit by Nikita Zadorov and loses puck.
4:18 of 1st period - Brady Tkachuk is hit by Roman Josi and loses puck.
4:45 of 1st period - Wrist shot by Luke Glendening.
4:45 of 1st period - Stopped by Jacob Markstrom without a rebound.
4:46 of 1st period - Drake Batherson wins face-off versus Paul Stastny in Whalers zone.
4:58 of 1st period - Wrist shot by Vladimir Tarasenko.
4:58 of 1st period - Stopped by Juuse Saros with a rebound.
5:14 of 1st period - Eric Staal is hit by Timo Meier and loses puck.
5:21 of 1st period - Snap shot by Bryan Rust.
5:21 of 1st period - Deflect By Nico Hischier.
5:21 of 1st period - Stopped by Juuse Saros without a rebound.
5:22 of 1st period - Sean Monahan wins face-off versus Christian Dvorak in Bruins zone.
6:18 of 1st period - Snap shot by Dustin Brown.
6:18 of 1st period - Stopped by Jacob Markstrom with a rebound.
6:20 of 1st period - Slapshot by Jacob Larsson.
6:20 of 1st period - Stopped by Jacob Markstrom with a rebound.
6:44 of 1st period - Snap shot by Dustin Brown.
6:44 of 1st period - Shot Misses the Net.
6:46 of 1st period - Wrist shot by Jacob Larsson.
6:46 of 1st period - Stopped by Jacob Markstrom without a rebound.
6:47 of 1st period - Christian Dvorak wins face-off versus Nico Hischier in Whalers zone.
7:16 of 1st period - Icing by David Savard.
7:17 of 1st period - Sean Couturier wins face-off versus Sean Monahan in Whalers zone.
7:32 of 1st period - Wrist shot by Sean Couturier.
7:32 of 1st period - Stopped by Juuse Saros with a rebound.
7:34 of 1st period - Slapshot by Roman Josi.
7:34 of 1st period - Shot Blocked by Brady Tkachuk.
7:36 of 1st period - Wrist shot by Bryan Rust.
7:36 of 1st period - Shot Misses the Net.
7:42 of 1st period - Wrist shot by Bryan Rust.
7:42 of 1st period - Deflect By Brady Tkachuk.
7:42 of 1st period - Stopped by Juuse Saros without a rebound.
7:43 of 1st period - Christian Dvorak wins face-off versus Nico Hischier in Bruins zone.
7:46 of 1st period - Wrist shot by David Perron.
7:46 of 1st period - Shot Blocked by Joel Edmundson.
7:48 of 1st period - Slapshot by Justin Faulk.
7:48 of 1st period - Shot Misses the Net.
7:50 of 1st period - Snap shot by David Perron.
7:50 of 1st period - Stopped by Juuse Saros with a rebound.
7:52 of 1st period - Wrist shot by Christian Dvorak.
7:52 of 1st period - Shot Misses the Net.
8:00 of 1st period - Snap shot by David Perron.
8:00 of 1st period - Stopped by Juuse Saros without a rebound.
8:01 of 1st period - Luke Glendening wins face-off versus Reilly Smith in Bruins zone.
8:07 of 1st period - Minor Penalty to David Savard for Hooking.
8:08 of 1st period - Sean Monahan wins face-off versus Riley Nash in Whalers zone.
8:20 of 1st period - Wrist shot by Brady Tkachuk.
8:20 of 1st period - Deflect By Dustin Brown.
8:20 of 1st period - Stopped by Jacob Markstrom without a rebound.
8:21 of 1st period - Riley Nash wins face-off versus Paul Stastny in Whalers zone.
8:32 of 1st period - Snap shot by Anthony Mantha.
8:32 of 1st period - Shot Misses the Net.
8:34 of 1st period - Slapshot by Joel Edmundson.
8:34 of 1st period - Stopped by Jacob Markstrom with a rebound.
8:36 of 1st period - Slapshot by Joel Edmundson.
8:36 of 1st period - Stopped by Jacob Markstrom with a rebound.
8:46 of 1st period - Brady Tkachuk is hit by Nikita Zadorov.
9:12 of 1st period - Slapshot by Reilly Smith.
9:12 of 1st period - Shot Misses the Net.
10:07 of 1st period - Penalty to David Savard is over, David Savard is back on ice.
10:13 of 1st period - Icing by Tobias Rieder.
10:14 of 1st period - Christian Dvorak wins face-off versus Nico Hischier in Whalers zone.
12:50 of 1st period - Wrist shot by Paul Stastny.
12:50 of 1st period - Stopped by Jacob Markstrom without a rebound.
12:51 of 1st period - Sean Monahan wins face-off versus Reilly Smith in Whalers zone.
13:02 of 1st period - Snap shot by Sean Monahan.
13:02 of 1st period - Shot Misses the Net.
13:06 of 1st period - Wrist shot by Sean Monahan.
13:06 of 1st period - Stopped by Jacob Markstrom without a rebound.
13:07 of 1st period - Paul Stastny wins face-off versus Sean Couturier in Whalers zone.
13:12 of 1st period - Wrist shot by Paul Stastny.
13:12 of 1st period - Shot Hit the Post.
13:59 of 1st period - Justin Faulk is hit by Nico Hischier and loses puck.
14:18 of 1st period - Wrist shot by Max Comtois.
14:18 of 1st period - Stopped by Jacob Markstrom without a rebound.
14:19 of 1st period - Luke Glendening wins face-off versus Shane Pinto in Whalers zone.
15:14 of 1st period - Snap shot by David Perron.
15:14 of 1st period - Deflect By Joe Pavelski.
15:14 of 1st period - Shot Blocked by Seth Jones.
15:14 of 1st period - Puck is out of play.
15:15 of 1st period - Drake Batherson wins face-off versus Nico Hischier in Bruins zone.
15:24 of 1st period - Jakob Chychrun is hit by Vladimir Tarasenko and loses puck.
15:33 of 1st period - Alex Barre-Boulet is hit by Drake Batherson.
15:43 of 1st period - Snap shot by Nico Hischier.
15:43 of 1st period - Stopped by Jacob Markstrom with a rebound.
15:51 of 1st period - Dustin Brown is hit by Bryan Rust and loses puck.
17:31 of 1st period - Wrist shot by Sean Monahan.
17:31 of 1st period - Stopped by Jacob Markstrom without a rebound.
17:32 of 1st period - Sean Monahan wins face-off versus Sean Couturier in Whalers zone.
17:37 of 1st period - Timo Meier is hit by Seth Jones and loses puck.
17:42 of 1st period - Wrist shot by Sean Monahan.
17:42 of 1st period - Stopped by Jacob Markstrom with a rebound.
17:44 of 1st period - Wrist shot by Anthony Mantha.
17:44 of 1st period - Deflect By Brady Tkachuk.
17:44 of 1st period - Shot Misses the Net.
17:44 of 1st period - Puck is out of play.
17:45 of 1st period - Dustin Brown wins face-off versus Drake Batherson in Whalers zone.
17:48 of 1st period - Backhand shot by Paul Stastny.
17:48 of 1st period - Stopped by Jacob Markstrom without a rebound.
17:49 of 1st period - Paul Stastny wins face-off versus Drake Batherson in Whalers zone.
17:56 of 1st period - Snap shot by Dustin Brown.
17:56 of 1st period - Stopped by Jacob Markstrom without a rebound.
17:57 of 1st period - Sean Monahan wins face-off versus Drake Batherson in Whalers zone.
18:06 of 1st period - Snap shot by Brady Tkachuk.
18:06 of 1st period - Deflect By Vladimir Tarasenko.
18:06 of 1st period - Stopped by Jacob Markstrom without a rebound.
18:07 of 1st period - Drake Batherson wins face-off versus Anthony Mantha in Whalers zone.
18:24 of 1st period - Reilly Smith is hit by Jacob Larsson and loses puck.
18:31 of 1st period - Snap shot by Sean Monahan.
18:31 of 1st period - Shot Blocked by Vladimir Tarasenko.
18:33 of 1st period - Snap shot by Seth Jones.
18:33 of 1st period - Stopped by Jacob Markstrom with a rebound.
18:35 of 1st period - Snap shot by Brady Tkachuk.
18:35 of 1st period - Shot Misses the Net.
18:37 of 1st period - Wrist shot by Brady Tkachuk.
18:37 of 1st period - Stopped by Jacob Markstrom with a rebound.
18:39 of 1st period - Slapshot by Seth Jones.
18:39 of 1st period - Stopped by Jacob Markstrom without a rebound.
18:40 of 1st period - Christian Dvorak wins face-off versus Anthony Beauvillier in Whalers zone.
18:44 of 1st period - Off-side.
18:45 of 1st period - Joe Pavelski wins face-off versus Paul Stastny in neutral zone.
18:56 of 1st period - Wrist shot by Joe Pavelski.
18:56 of 1st period - Shot Misses the Net.
19:12 of 1st period - Slapshot by Brent Burns.
19:12 of 1st period - Stopped by Jacob Markstrom with a rebound.
19:18 of 1st period - Snap shot by David Perron.
19:18 of 1st period - Goal by David Perron - Bruins : 0 - Whalers : 1.
19:19 of 1st period - Sean Couturier wins face-off versus Nico Hischier in neutral zone.
19:24 of 1st period - Wrist shot by Sean Couturier.
19:24 of 1st period - Shot Blocked by Seth Jones.
19:28 of 1st period - Slapshot by Sean Couturier.
19:28 of 1st period - Shot Blocked by Jacob Larsson.
19:44 of 1st period - Anthony Beauvillier is hit by Justin Faulk and loses puck.
Goals for this period are 0 for Bruins vs 1 for Whalers.
Shots for this period are 21 for Bruins vs 8 for Whalers.

2nd period


0:01 of 2nd period - Nico Hischier wins face-off versus Sean Couturier in neutral zone.
0:26 of 2nd period - Nico Hischier is hit by Scott Mayfield and loses puck.
1:03 of 2nd period - Snap shot by Nico Hischier.
1:03 of 2nd period - Stopped by Jacob Markstrom with a rebound.
1:05 of 2nd period - Snap shot by Nico Hischier.
1:05 of 2nd period - Stopped by Jacob Markstrom with a rebound.
1:21 of 2nd period - Slapshot by Nico Hischier.
1:21 of 2nd period - Stopped by Jacob Markstrom without a rebound.
1:22 of 2nd period - Timo Meier wins face-off versus Paul Stastny in Whalers zone.
1:24 of 2nd period - Minor Penalty to Nikita Zadorov for Diving.
1:25 of 2nd period - Paul Stastny wins face-off versus Riley Nash in Whalers zone.
1:50 of 2nd period - Brady Tkachuk is hit by Sean Couturier.
3:24 of 2nd period - Penalty to Nikita Zadorov is over, Nikita Zadorov is back on ice.
3:37 of 2nd period - Icing by Justin Faulk.
3:38 of 2nd period - Nico Hischier wins face-off versus Christian Dvorak in Whalers zone.
3:39 of 2nd period - Wrist shot by Brent Burns.
3:39 of 2nd period - Shot Hit the Post.
3:41 of 2nd period - Slapshot by Nico Hischier.
3:41 of 2nd period - Deflect By Alex Barre-Boulet.
3:41 of 2nd period - Shot Misses the Net.
3:41 of 2nd period - Puck is out of play.
3:42 of 2nd period - Alex Barre-Boulet wins face-off versus Drake Batherson in Whalers zone.
4:35 of 2nd period - Paul Stastny is hit by Bryan Rust and loses puck.
4:54 of 2nd period - Snap shot by Tobias Rieder.
4:54 of 2nd period - Stopped by Juuse Saros without a rebound.
4:55 of 2nd period - Luke Glendening wins face-off versus Drake Batherson in Bruins zone.
4:55 of 2nd period - Luke Glendening is hit by Nikita Zadorov.
5:26 of 2nd period - Sean Couturier is hit by Brady Tkachuk and loses puck.
5:33 of 2nd period - Wrist shot by Sean Monahan.
5:33 of 2nd period - Stopped by Jacob Markstrom without a rebound.
5:34 of 2nd period - Paul Stastny wins face-off versus Christian Dvorak in Whalers zone.
5:35 of 2nd period - Wrist shot by Dustin Brown.
5:35 of 2nd period - Shot Blocked by Scott Mayfield.
5:37 of 2nd period - Snap shot by Anthony Beauvillier.
5:37 of 2nd period - Shot Misses the Net.
5:59 of 2nd period - Scott Mayfield is hit by Brady Tkachuk and loses puck.
6:40 of 2nd period - Nico Hischier is hit by Shane Pinto and loses puck.
8:14 of 2nd period - Snap shot by Sean Monahan.
8:14 of 2nd period - Shot Blocked by Sean Walker.
8:16 of 2nd period - Wrist shot by Jakob Chychrun.
8:16 of 2nd period - Shot Misses the Net.
8:18 of 2nd period - Wrist shot by Anthony Mantha.
8:18 of 2nd period - Stopped by Jacob Markstrom with a rebound.
8:20 of 2nd period - Slapshot by Jakob Chychrun.
8:20 of 2nd period - Stopped by Jacob Markstrom with a rebound.
8:24 of 2nd period - Snap shot by Anthony Mantha.
8:24 of 2nd period - Stopped by Jacob Markstrom without a rebound.
8:25 of 2nd period - Sean Couturier wins face-off versus Paul Stastny in Whalers zone.
8:25 of 2nd period - Sean Couturier is hit by Anthony Beauvillier.
8:37 of 2nd period - Jacob Larsson is hit by Nikita Zadorov and loses puck.
8:58 of 2nd period - Slapshot by David Perron.
8:58 of 2nd period - Shot Blocked by Luke Glendening.
9:00 of 2nd period - Snap shot by David Perron.
9:00 of 2nd period - Stopped by Juuse Saros without a rebound.
9:01 of 2nd period - Nico Hischier wins face-off versus Sean Couturier in Bruins zone.
9:27 of 2nd period - Alex Barre-Boulet is hit by Joe Pavelski and loses puck.
9:56 of 2nd period - Alex Barre-Boulet is hit by Drake Batherson and loses puck.
10:18 of 2nd period - Snap shot by Nico Hischier.
10:18 of 2nd period - Goal by Nico Hischier - Bruins : 1 - Whalers : 1.
10:19 of 2nd period - Paul Stastny wins face-off versus Sean Couturier in neutral zone.
10:46 of 2nd period - Sean Monahan is hit by Drake Batherson and loses puck.
12:02 of 2nd period - Off-side.
12:03 of 2nd period - Luke Glendening wins face-off versus Drake Batherson in neutral zone.
12:06 of 2nd period - Scott Mayfield is hit by Max Comtois and loses puck.
12:19 of 2nd period - Snap shot by Vladimir Tarasenko.
12:19 of 2nd period - Shot Misses the Net.
12:21 of 2nd period - Slapshot by Scott Mayfield.
12:21 of 2nd period - Stopped by Juuse Saros without a rebound.
12:22 of 2nd period - Sean Couturier wins face-off versus Paul Stastny in Bruins zone.
12:23 of 2nd period - Slapshot by Bryan Rust.
12:23 of 2nd period - Stopped by Juuse Saros without a rebound.
12:24 of 2nd period - Paul Stastny wins face-off versus Sean Couturier in Bruins zone.
12:29 of 2nd period - Snap shot by Seth Jones.
12:29 of 2nd period - Stopped by Jacob Markstrom with a rebound.
12:42 of 2nd period - Minor Penalty to Seth Jones for Hooking.
12:43 of 2nd period - Joe Pavelski wins face-off versus Nico Hischier in Bruins zone.
12:47 of 2nd period - Snap shot by David Perron.
12:47 of 2nd period - Shot Blocked by Nico Hischier.
12:49 of 2nd period - Snap shot by Vladimir Tarasenko.
12:49 of 2nd period - Shot Misses the Net.
13:19 of 2nd period - Snap shot by Roman Josi.
13:19 of 2nd period - Stopped by Juuse Saros with a rebound.
13:43 of 2nd period - Sean Walker is hit by Alex Barre-Boulet and loses puck.
14:42 of 2nd period - Penalty to Seth Jones is over, Seth Jones is back on ice.
14:54 of 2nd period - Wrist shot by Reilly Smith.
14:54 of 2nd period - Shot Blocked by Jacob Larsson.
14:56 of 2nd period - Slapshot by Justin Faulk.
14:56 of 2nd period - Stopped by Juuse Saros with a rebound.
15:14 of 2nd period - Snap shot by Tobias Rieder.
15:14 of 2nd period - Shot Misses the Net.
15:16 of 2nd period - Snap shot by Riley Nash.
15:16 of 2nd period - Stopped by Juuse Saros without a rebound.
15:17 of 2nd period - Paul Stastny wins face-off versus Drake Batherson in Bruins zone.
15:30 of 2nd period - Slapshot by Anthony Beauvillier.
15:30 of 2nd period - Stopped by Jacob Markstrom without a rebound.
15:31 of 2nd period - Sean Monahan wins face-off versus Christian Dvorak in Whalers zone.
16:23 of 2nd period - Slapshot by Vladimir Tarasenko.
16:23 of 2nd period - Stopped by Juuse Saros without a rebound.
16:24 of 2nd period - Nico Hischier wins face-off versus Drake Batherson in Bruins zone.
16:33 of 2nd period - Snap shot by Drake Batherson.
16:33 of 2nd period - Deflect By Reilly Smith.
16:33 of 2nd period - Shot Misses the Net.
16:33 of 2nd period - Puck is out of play.
16:34 of 2nd period - David Perron wins face-off versus Paul Stastny in Bruins zone.
16:37 of 2nd period - Snap shot by David Perron.
16:37 of 2nd period - Stopped by Juuse Saros with a rebound.
16:53 of 2nd period - David Perron is hit by Andy Greene.
17:00 of 2nd period - Icing by David Perron.
17:01 of 2nd period - Drake Batherson wins face-off versus Sean Monahan in Whalers zone.
17:13 of 2nd period - Snap shot by Reilly Smith.
17:13 of 2nd period - Deflect By Vladimir Tarasenko.
17:13 of 2nd period - Stopped by Juuse Saros without a rebound.
17:14 of 2nd period - Paul Stastny wins face-off versus Christian Dvorak in Bruins zone.
17:14 of 2nd period - Paul Stastny is hit by Roman Josi.
18:07 of 2nd period - Wrist shot by Vladimir Tarasenko.
18:07 of 2nd period - Shot Misses the Net.
18:43 of 2nd period - Roman Josi is hit by Anthony Beauvillier and loses puck.
18:51 of 2nd period - Off-side.
18:52 of 2nd period - Sean Monahan wins face-off versus Reilly Smith in neutral zone.
18:55 of 2nd period - Slapshot by Seth Jones.
18:55 of 2nd period - Deflect By Drake Batherson.
18:55 of 2nd period - Stopped by Jacob Markstrom without a rebound.
18:56 of 2nd period - Drake Batherson wins face-off versus Brady Tkachuk in Whalers zone.
19:46 of 2nd period - Seth Jones is hit by Bryan Rust and loses puck.
Goals for this period are 1 for Bruins vs 0 for Whalers.
Shots for this period are 11 for Bruins vs 10 for Whalers.

3rd period


0:01 of 3rd period - Paul Stastny wins face-off versus Drake Batherson in neutral zone.
0:04 of 3rd period - Slapshot by Dustin Brown.
0:04 of 3rd period - Shot Misses the Net.
1:09 of 3rd period - David Perron is hit by Dylan Gambrell and loses puck.
1:20 of 3rd period - Slapshot by Nikita Zadorov.
1:20 of 3rd period - Shot Misses the Net.
1:57 of 3rd period - Off-side.
1:58 of 3rd period - Drake Batherson wins face-off versus Nico Hischier in neutral zone.
2:02 of 3rd period - Slapshot by Scott Mayfield.
2:02 of 3rd period - Stopped by Juuse Saros with a rebound.
2:04 of 3rd period - Slapshot by Scott Mayfield.
2:04 of 3rd period - Stopped by Juuse Saros with a rebound.
2:06 of 3rd period - Slapshot by Scott Mayfield.
2:06 of 3rd period - Shot Blocked by Eric Staal.
2:12 of 3rd period - Slapshot by Drake Batherson.
2:12 of 3rd period - Shot Misses the Net.
2:14 of 3rd period - Snap shot by Vladimir Tarasenko.
2:14 of 3rd period - Shot Blocked by Jacob Larsson.
2:24 of 3rd period - Jacob Larsson is hit by Scott Mayfield and loses puck.
3:12 of 3rd period - Slapshot by Paul Stastny.
3:12 of 3rd period - Stopped by Jacob Markstrom without a rebound.
3:13 of 3rd period - Paul Stastny wins face-off versus Reilly Smith in Whalers zone.
3:40 of 3rd period - Timo Meier is hit by Anthony Mantha and loses puck.
3:59 of 3rd period - Snap shot by Joe Pavelski.
3:59 of 3rd period - Stopped by Juuse Saros without a rebound.
4:00 of 3rd period - Christian Dvorak wins face-off versus Luke Glendening in Bruins zone.
4:25 of 3rd period - Dustin Brown is hit by Nikita Zadorov and loses puck.
4:54 of 3rd period - Wrist shot by Anthony Mantha.
4:54 of 3rd period - Stopped by Jacob Markstrom with a rebound.
5:02 of 3rd period - Slapshot by Justin Faulk.
5:02 of 3rd period - Shot Blocked by Joel Edmundson.
5:14 of 3rd period - Snap shot by Nico Hischier.
5:14 of 3rd period - Stopped by Jacob Markstrom with a rebound.
6:12 of 3rd period - Slapshot by Christian Dvorak.
6:12 of 3rd period - Stopped by Juuse Saros without a rebound.
6:13 of 3rd period - Sean Couturier wins face-off versus Sean Monahan in Bruins zone.
6:18 of 3rd period - Snap shot by Sean Couturier.
6:18 of 3rd period - Stopped by Juuse Saros without a rebound.
6:19 of 3rd period - Sean Couturier wins face-off versus Sean Monahan in Bruins zone.
6:20 of 3rd period - Wrist shot by Bryan Rust.
6:20 of 3rd period - Shot Misses the Net.
6:34 of 3rd period - Roman Josi is hit by Anthony Mantha and loses puck.
6:49 of 3rd period - Wrist shot by Sean Couturier.
6:49 of 3rd period - Stopped by Juuse Saros without a rebound.
6:50 of 3rd period - Nico Hischier wins face-off versus Drake Batherson in Bruins zone.
7:23 of 3rd period - Minor Penalty to Jakob Chychrun for Roughing.
7:24 of 3rd period - Luke Glendening wins face-off versus Sean Couturier in Bruins zone.
7:34 of 3rd period - Slapshot by Roman Josi.
7:34 of 3rd period - Shot Hit the Post.
7:36 of 3rd period - Wrist shot by Bryan Rust.
7:36 of 3rd period - Shot Misses the Net.
7:38 of 3rd period - Wrist shot by Roman Josi.
7:38 of 3rd period - Stopped by Juuse Saros without a rebound.
7:39 of 3rd period - Joe Pavelski wins face-off versus Luke Glendening in Bruins zone.
9:23 of 3rd period - Penalty to Jakob Chychrun is over, Jakob Chychrun is back on ice.
9:52 of 3rd period - Minor Penalty to Justin Faulk for Tripping.
9:53 of 3rd period - Paul Stastny wins face-off versus Riley Nash in Whalers zone.
9:55 of 3rd period - Wrist shot by Paul Stastny.
9:55 of 3rd period - Shot Misses the Net.
9:57 of 3rd period - Backhand shot by Jakob Chychrun.
9:57 of 3rd period - Deflect By Paul Stastny.
9:57 of 3rd period - Goal by Paul Stastny - Bruins : 2 - Whalers : 1.
9:58 of 3rd period - Paul Stastny wins face-off versus Drake Batherson in neutral zone.
10:03 of 3rd period - Snap shot by Dustin Brown.
10:03 of 3rd period - Shot Misses the Net.
10:11 of 3rd period - Snap shot by Dustin Brown.
10:11 of 3rd period - Goal by Dustin Brown - Bruins : 3 - Whalers : 1.
10:12 of 3rd period - Nico Hischier wins face-off versus David Perron in neutral zone.
10:17 of 3rd period - Wrist shot by Nico Hischier.
10:17 of 3rd period - Stopped by Jacob Markstrom with a rebound.
10:19 of 3rd period - Wrist shot by Nico Hischier.
10:19 of 3rd period - Stopped by Jacob Markstrom without a rebound.
10:20 of 3rd period - Nico Hischier wins face-off versus Christian Dvorak in Whalers zone.
10:21 of 3rd period - Slapshot by Alex Barre-Boulet.
10:21 of 3rd period - Stopped by Jacob Markstrom with a rebound.
10:23 of 3rd period - Slapshot by Andy Greene.
10:23 of 3rd period - Stopped by Jacob Markstrom with a rebound.
10:25 of 3rd period - Wrist shot by Eric Staal.
10:25 of 3rd period - Shot Misses the Net.
10:27 of 3rd period - Snap shot by Eric Staal.
10:27 of 3rd period - Shot Blocked by Christian Dvorak.
10:29 of 3rd period - Wrist shot by Eric Staal.
10:29 of 3rd period - Shot Blocked by David Perron.
10:31 of 3rd period - Snap shot by Nico Hischier.
10:31 of 3rd period - Shot Blocked by Sean Walker.
10:55 of 3rd period - Wrist shot by Sean Monahan.
10:55 of 3rd period - Shot Misses the Net.
10:57 of 3rd period - Slapshot by Andy Greene.
10:57 of 3rd period - Shot Blocked by Sean Walker.
10:59 of 3rd period - Snap shot by Sean Monahan.
10:59 of 3rd period - Shot Misses the Net.
11:19 of 3rd period - Slapshot by Seth Jones.
11:19 of 3rd period - Shot Blocked by David Perron.
11:21 of 3rd period - Wrist shot by Dylan Gambrell.
11:21 of 3rd period - Stopped by Jacob Markstrom without a rebound.
11:22 of 3rd period - Sean Couturier wins face-off versus Paul Stastny in Whalers zone.
11:33 of 3rd period - Off-side.
11:34 of 3rd period - Paul Stastny wins face-off versus Drake Batherson in neutral zone.
11:50 of 3rd period - Off-side.
11:51 of 3rd period - Nico Hischier wins face-off versus Sean Couturier in neutral zone.
11:54 of 3rd period - Backhand shot by Brent Burns.
11:54 of 3rd period - Stopped by Jacob Markstrom with a rebound.
11:56 of 3rd period - Snap shot by Joel Edmundson.
11:56 of 3rd period - Stopped by Jacob Markstrom without a rebound.
11:57 of 3rd period - Nico Hischier wins face-off versus Sean Couturier in Whalers zone.
12:11 of 3rd period - Off-side.
12:12 of 3rd period - Sean Monahan wins face-off versus Drake Batherson in neutral zone.
13:01 of 3rd period - Snap shot by Joe Pavelski.
13:01 of 3rd period - Stopped by Juuse Saros without a rebound.
13:02 of 3rd period - Christian Dvorak wins face-off versus Nico Hischier in Bruins zone.
13:11 of 3rd period - Snap shot by Nico Hischier.
13:11 of 3rd period - Shot Misses the Net.
13:13 of 3rd period - Slapshot by Brent Burns.
13:13 of 3rd period - Stopped by Jacob Markstrom with a rebound.
13:27 of 3rd period - Sean Walker is hit by Anthony Beauvillier and loses puck.
13:50 of 3rd period - Slapshot by Drake Batherson.
13:50 of 3rd period - Stopped by Juuse Saros with a rebound.
13:52 of 3rd period - Slapshot by Sean Walker.
13:52 of 3rd period - Stopped by Juuse Saros without a rebound.
13:53 of 3rd period - Sean Monahan wins face-off versus Drake Batherson in Bruins zone.
13:58 of 3rd period - Slapshot by Sean Monahan.
13:58 of 3rd period - Stopped by Jacob Markstrom with a rebound.
14:18 of 3rd period - Scott Mayfield is hit by Brent Burns and loses puck.
14:23 of 3rd period - Snap shot by Dustin Brown.
14:23 of 3rd period - Shot Blocked by Timo Meier.
15:08 of 3rd period - Snap shot by Brady Tkachuk.
15:08 of 3rd period - Stopped by Jacob Markstrom without a rebound.
15:09 of 3rd period - Sean Monahan wins face-off versus Drake Batherson in Whalers zone.
15:56 of 3rd period - Wrist shot by Brady Tkachuk.
15:56 of 3rd period - Deflect By Sean Monahan.
15:56 of 3rd period - Stopped by Jacob Markstrom without a rebound.
15:57 of 3rd period - Joe Pavelski wins face-off versus Nico Hischier in Whalers zone.
16:02 of 3rd period - David Perron is hit by Alex Barre-Boulet and loses puck.
16:29 of 3rd period - Wrist shot by Sean Couturier.
16:29 of 3rd period - Stopped by Juuse Saros with a rebound.
17:28 of 3rd period - Snap shot by Bryan Rust.
17:28 of 3rd period - Shot Blocked by Andy Greene.
17:30 of 3rd period - Wrist shot by Bryan Rust.
17:30 of 3rd period - Stopped by Juuse Saros without a rebound.
17:31 of 3rd period - Drake Batherson wins face-off versus Nico Hischier in Bruins zone.
17:56 of 3rd period - Scott Mayfield is hit by Dylan Gambrell and loses puck.
18:28 of 3rd period - Snap shot by Sean Couturier.
18:28 of 3rd period - Stopped by Juuse Saros with a rebound.
19:02 of 3rd period - Snap shot by Sean Monahan.
19:02 of 3rd period - Stopped by Jacob Markstrom with a rebound.
19:19 of 3rd period - Off-side.
19:20 of 3rd period - Christian Dvorak wins face-off versus Nico Hischier in neutral zone.
19:23 of 3rd period - Slapshot by Roman Josi.
19:23 of 3rd period - Deflect By David Perron.
19:23 of 3rd period - Shot Blocked by Seth Jones.
19:23 of 3rd period - Puck is out of play.
19:24 of 3rd period - Christian Dvorak wins face-off versus Nico Hischier in Bruins zone.
19:25 of 3rd period - Slapshot by Joe Pavelski.
19:25 of 3rd period - Stopped by Juuse Saros with a rebound.
Goals for this period are 2 for Bruins vs 0 for Whalers.
Shots for this period are 17 for Bruins vs 14 for Whalers. Output by the SimonT Hockey Simulator (STHS) for Eric Tremblay - Original Page W3C HTML5 Valid
Hockey Simulator - Hockey Simulation - Hockey Manager